 Dungeon Crawl Stone Soup version 0.31-a0-960-g0fca184906 (webtiles) character file.

Game seed: 1692329209921069126

6111 Morbidden the Grappler (level 10, -2/48 (51) HPs)
             Began as a Vine Stalker Shapeshifter on Oct 23, 2023.
             Was an Elder of Cheibriados.
             Slain by a tengu warrior
             ... wielding a +1 glaive of flaming
              (5 damage)
             ... on level 8 of the Dungeon.
             The game lasted 00:13:58 (6753 turns).

Morbidden the Grappler (Vine Stalker Shapeshifter)  Turns: 6753, Time: 00:13:58

HP:   -2/48 (51)    AC: 12    Str: 27    XL:     10   Next: 89%
MP:   0/28          EV: 10    Int: 21    God:    Cheibriados [****..]
Gold: 398           SH:  0    Dex: 22    Spells: 18/18 levels left

rFire   . .          .
                       - Unarmed
rCold   + . .        (no shield)
rNeg    . . .        E - +1 plate armour
rPois   .            (helmet currently unavailable)
rElec   .            (cloak currently unavailable)
rCorr   .            (gloves currently unavailable)
SInv    .            (boots currently unavailable)
Will    ++...        (no amulet) Stlth
                     l - ring of magical power
HPRegen 1.88/turn    q - ring of willpower
MPRegen 0.21/turn

%: guardian spirit
@: beast-form, studying Maces & Flails, drained, very slow
A: beast (slay +3), fangs 3, regeneration 2, magic shield, antimagic bite, no
potion heal 2, cold resistance 1, dopey 1, high MP 1
a: Begin Untransformation, Renounce Religion, Bend Time, Temporal Distortion,
Slouch


You were on level 8 of the Dungeon.
You worshipped Cheibriados.
Cheibriados was greatly pleased with you.
You were a hulking beast.
You visited 2 branches of the dungeon, and saw 9 of its levels.
You also visited: Bailey.

You collected 398 gold pieces.

Inventory:

Hand Weapons
 e - a +2 halberd of electrocution
 M - a +1 dagger of venom
Missiles
 o - 7 poisoned darts
 L - a curare-tipped dart
Armour
 m - a +0 pair of boots
 p - a +0 pair of gloves
 A - a +0 hat of willpower
 E - a +1 plate armour (worn)
Jewellery
 l - a ring of magical power (left hand)
 q - a ring of willpower (right hand)
 D - a ring of resist corrosion
 K - a ring of ice
Talismans
 c - a beast talisman
 d - a flux talisman
 y - a maw talisman
 B - a blade talisman
Wands
 w - a wand of flame (69) (quivered)
 G - a wand of paralysis (6)
Scrolls
 a - a scroll of enchant weapon
 f - 3 scrolls of noise {unknown}
 h - 2 scrolls of fear
 j - 3 scrolls of amnesia
 k - a scroll of enchant armour
 n - a scroll of blinking
 u - 5 scrolls of teleportation {unknown}
 x - a scroll of revelation {unknown}
 C - 2 scrolls of silence {unknown}
 H - 3 scrolls of fog {unknown}
 N - a scroll of immolation
Potions
 b - 2 potions of lignification
 g - 3 potions of attraction {unknown}
 i - 7 potions of heal wounds {unknown}
 r - 3 potions of haste {unknown}
 s - 2 potions of brilliance {unknown}
 t - 4 potions of enlightenment {unknown}
 v - 8 potions of might {unknown}
 z - a potion of curing
 F - 5 potions of magic
 I - a potion of resistance
 J - 3 potions of invisibility


   Skills:
 * Level 4.5 Fighting
 + Level 0.3 Short Blades
 + Level 3.9 Armour
 * Level 4.5 Dodging
 + Level 2.3 Stealth
 * Level 10.7 Unarmed Combat
 * Level 4.5 Spellcasting
 * Level 3.8 Invocations
 * Level 2.5 Evocations
 * Level 5.3 Shapeshifting


You had 18 spell levels left.
You didn't know any spells.
Your spell library contained the following spells:

 Spells                   Type           Power      Damage    Failure   Level
 Ensorcelled Hibernation  Hex/Ice        8%         N/A       91%         2
 Passwall                 Tmut/Erth      3%         N/A       91%         2
 Poisonous Vapours        Pois/Air       8%         N/A       91%         2
 Call Canine Familiar     Summ           4%         N/A       99%         3
 Mephitic Cloud           Conj/Pois/Air  4%         N/A       99%         3
 Ozocubu's Armour         Ice            4%         N/A       99%         3
 Sigil of Binding         Hex            4%         N/A       99%         3
 Swiftness                Air            4%         N/A       99%         3
 Dimensional Bullseye     Hex/Tloc       2%         N/A       100%        4
 Leda's Liquefaction      Hex/Erth       2%         N/A       100%        4
 Summon Ice Beast         Ice/Summ       4%         N/A       100%        4
 Freezing Cloud           Conj/Ice/Air   2%         6-21      100%        5
 Summon Mana Viper        Hex/Summ       4%         N/A       100%        5
 Monstrous Menagerie      Summ           2%         N/A       100%        7
 Ozocubu's Refrigeration  Ice            2%         4d7       100%        7


Dungeon Overview and Level Annotations

Branches:
Dungeon (8/15)             Temple (1/1) D:5          Bailey (visited)
   Lair: D:8-11

Altars:
Ashenzari
Cheibriados
Dithmenos
Elyvilon
Fedhas
Gozag
Hepliaklqana
Kikubaaqudgha
Makhleb
Nemelex Xobeh
Okawaru
Qazlal
Ru
Sif Muna
Trog
Uskayaw
Vehumet
Wu Jian
Xom
Yredelemnul
Zin
The Shining One

Annotations:
D:6 4 runed translucent doors, Crazy Yiuf; ripuliukko's ghost, novice GrEE


Innate Abilities, Weirdness & Mutations

You are a hulking beast.
Your limbs bulge with bestial killing power. (Slay +3)
You have razor-sharp teeth.
You heal very quickly.
When hurt, damage is shared between your health and your magic reserves.
Your bite disrupts and absorbs the magic of your enemies.
Potions cannot restore your health.
Your flesh is cold resistant. (rC+)
You are dopey. (Int -2)
You have an increased reservoir of magic. (+10% MP)


Message History

No target in view!
No target in view!
No target in view!
No target in view!
You open the door.
A basilisk and a tengu warrior come into view.
The tengu warrior is wielding a +1 glaive of flaming.
The basilisk hisses angrily.
The tengu warrior shouts!
The basilisk moves out of view.
A tengu warrior is nearby!
A tengu warrior is nearby!
A tengu warrior is nearby!
The tengu warrior hits you from afar with a +1 glaive of flaming!
The tengu warrior burns you.
The tengu warrior hits you from afar with a +1 glaive of flaming!
The tengu warrior burns you.
There is an open door, spattered with blood here.
The tengu warrior hits you but does no damage.
The tengu warrior pecks you. The tengu warrior closely misses you.
The tengu warrior hits you with a +1 glaive of flaming!
The tengu warrior burns you!
The tengu warrior pecks you but does no damage.
The tengu warrior claws you but does no damage.
You are too injured to fight recklessly!
You are too injured to fight recklessly!
You are too injured to fight recklessly!
You are too injured to fight recklessly!
Unknown command.
You barely miss the tengu warrior. Your bite misses the tengu warrior.
Unknown command.
You closely miss the tengu warrior.
The tengu warrior hits you but does no damage.
The tengu warrior pecks you but does no damage.
The tengu warrior claws you but does no damage.
Unknown command.
You closely miss the tengu warrior. Your bite misses the tengu warrior.
The tengu warrior hits you with a +1 glaive of flaming!!
* * * LOW HITPOINT WARNING * * *
The tengu warrior burns you!
You die...

#........#####)#.#####...
#..##.#.#.#..)#.#.###..#.
#..#.#.####[.#.#..#..#.#.
#...........#.#...##..#..
#..#######.#.#.....#..#..
#..#P...P#.#.#.#..#.#.#..
#..#.###.#.#...##.##.....
#..#.+$#.'...#.##...#....
#..#.###h#.#.#.##..##.#..
#..#P.lQP#.#.#..###.#)...
#..#######.....#..#####..
#.....................)..
#...............#########
#################


You could see a tengu warrior and a basilisk.

Vanquished Creatures
  Gastronok (D:8)
  Pikel (D:6)
  A hornet (D:8)
  Grinder (D:3)
  A wyvern (D:8)
  Grum (D:8)
  2 steam dragons
  Duvessa (D:7)
  2 black bears
  3 orc warriors
  2 ogres (D:4)
  4 wolves
  3 centaurs
  2 phantoms
  3 kobold brigands
  5 bullfrogs
  A scorpion (D:4)
  6 wights
  Dowan (D:7)
  5 killer bees (D:8)
  An electric eel (D:8)
  5 hounds
  2 sleepcaps
  4 jellies
  Ijyb (D:3)
  4 orc wizards
  4 iguanas
  15 gnolls
  9 adders
  3 shadow imps
  2 white imps
  A worm (D:4)
  2 dart slugs
  24 orcs
  6 endoplasms
  3 giant cockroaches
  11 goblins
  6 hobgoblins
  7 jackals
  18 kobolds
  4 quokkas
  14 ball pythons
  8 bats
  2 frilled lizards
  6 rats
208 creatures vanquished.

Notes
Turn   | Place    | Note
-------+----------+-------------------------------------------
     0 | D:1      | Morbidden the Vine Stalker Shapeshifter began the quest for
                  | the Orb.
     0 | D:1      | Reached XP level 1. HP: 9/9 MP: 2/2
   122 | D:1      | Reached XP level 2. HP: 14/14 MP: 1/3
   163 | D:1      | Reached skill level 1 in Fighting
   271 | D:1      | Reached XP level 3. HP: 18/18 MP: 5/5
   825 | D:2      | Reached skill level 1 in Spellcasting
   955 | D:2      | Reached XP level 4. HP: 22/22 MP: 6/6
  1302 | D:3      | Noticed Grinder
  1305 | D:3      | Paralysed by Grinder for 5 turns
  1526 | D:4      | Identified the "Pyntyaco"
  1535 | D:3      | Killed Grinder
  1536 | D:3      | Reached skill level 1 in Stealth
  1536 | D:3      | Reached skill level 4 in Unarmed Combat
  1536 | D:3      | Reached XP level 5. HP: 14/26 MP: 6/8
  1536 | D:3      | Reached XP level 6. HP: 16/30 MP: 6/9
  1759 | D:3      | Noticed Ijyb
  1775 | D:3      | Killed Ijyb
  2073 | D:3      | Reached skill level 5 in Unarmed Combat
  2299 | D:4      | Found an ornate altar of the Wu Jian Council.
  2416 | D:4      | Reached XP level 7. HP: 35/35 MP: 11/11
  2466 | D:4      | Reached skill level 1 in Armour
  2552 | D:4      | Reached skill level 6 in Unarmed Combat
  2631 | D:4      | Found a sparkling altar of Nemelex Xobeh.
  2734 | D:4      | Found a burning altar of Makhleb.
  2751 | D:4      | Found a broken altar of Ashenzari.
  2814 | D:4      | Gained mutation: You have razor-sharp teeth. [Vine Stalker
                  | growth]
  2814 | D:4      | Reached XP level 8. HP: 33/39 MP: 13/13
  3017 | D:5      | Entered Level 5 of the Dungeon
  3035 | D:5      | Found a staircase to the Ecumenical Temple.
  3046 | Temple   | Entered the Ecumenical Temple
  3058 | Temple   | Became a worshipper of Cheibriados the Contemplative
  3131 | D:5      | Reached skill level 1 in Invocations
  3246 | D:5      | Reached skill level 7 in Unarmed Combat
  3409 | D:5      | Found an iron altar of Okawaru.
  3464 | D:5      | Reached * piety under Cheibriados
  4212 | D:6      | Noticed Pikel
  4233 | D:6      | Killed Pikel
  4234 | D:6      | Reached skill level 8 in Unarmed Combat
  4234 | D:6      | Reached XP level 9. HP: 38/44 MP: 15/15
  4345 | D:6      | Found a runed translucent gate.
  4346 | D:6      | Found a runed translucent gate.
  4348 | D:6      | Noticed ripuliukko's ghost (novice GrEE)
  4351 | D:6      | Found a runed translucent gate.
  4437 | D:6      | Identified the +1 long sword of the Black Skies {freeze,
                  | rC- rN++}
  4565 | D:6      | Found a runed translucent door.
  4566 | D:6      | Noticed Crazy Yiuf
  4791 | D:7      | Noticed Duvessa
  4791 | D:7      | Noticed Dowan
  4798 | D:7      | Killed Duvessa
  4801 | D:7      | Killed Dowan
  4964 | D:7      | Found a shimmering altar of Xom.
  4965 | D:7      | Found a hazy altar of Hepliaklqana.
  4965 | D:7      | Noticed a thorn hunter
  4966 | D:7      | Noticed a spectral ugly thing
  4966 | D:7      | Noticed a thorn hunter
  5006 | D:7      | Reached skill level 9 in Unarmed Combat
  5107 | D:7      | Reached ** piety under Cheibriados
  5281 | D:8      | Found a flagged portal.
  5296 | Bailey   | Entered a bailey
  5435 | Bailey   | Reached skill level 1 in Evocations
  5731 | Bailey   | Gained mutation: You heal very quickly. [potion of
                  | mutation]
  5731 | Bailey   | Gained mutation: You are frail. (-10% HP) [potion of
                  | mutation]
  5731 | Bailey   | Gained mutation: You have sharp toenails. [potion of
                  | mutation]
  5731 | Bailey   | Gained mutation: You have an increased reservoir of magic.
                  | (+10% MP) [potion of mutation]
  5732 | Bailey   | Lost mutation: You are frail. (-10% HP) [potion of
                  | mutation]
  5732 | Bailey   | Lost mutation: You have sharp toenails. [potion of
                  | mutation]
  5732 | Bailey   | Gained mutation: You are dopey. (Int -2) [potion of
                  | mutation]
  5732 | Bailey   | Gained mutation: Your flesh is cold resistant. (rC+)
                  | [potion of mutation]
  5930 | D:8      | Reached XP level 10. HP: 43/49 MP: 18/18
  6007 | D:8      | Reached *** piety under Cheibriados
  6034 | D:8      | Reached skill level 5 in Shapeshifting
  6134 | D:8      | Noticed Gastronok
  6146 | D:8      | Killed Gastronok
  6147 | D:8      | Reached skill level 10 in Unarmed Combat
  6350 | D:8      | Noticed Grum
  6497 | D:8      | Killed Grum
  6591 | D:8      | Paralysed by a hornet for 1 turns
  6594 | D:8      | Reached **** piety under Cheibriados
  6597 | D:8      | Identified the +9 great sword "Nuone" {spect, Will+ rCorr
                  | Stlth+}
  6748 | D:8      | Noticed a tengu warrior
  6753 | D:8      | Slain by a tengu warrior

Illustrated notes

Levels and vault maps discovered:
D:1:      onia_arrival_mini_spirals, layout_rooms, kennysheep_pointless_box,
          minmay_unequal
D:2:      layout_loops_ring, kennysheep_decorative_pillar
D:3:      layout_loops_ring, dreamdust_mushroom_princess,
          minmay_shallow_snake_nest, uniq_ijyb, uniq_grinder
D:4:      layout_rooms, nzn_wu_jian_council_hall, bloody_makhleb,
          mainiacjoe_overflow_catch_the_wave, minmay_joined_circles
D:5:      layout_loops_ring, kennysheep_mini, minmay_temple_entry_overgrown,
          minmay_manual_monstrance
D:6:      layout_rooms, gammafunk_ghost_necromancy, grunt_decor_one_mirror,
          nicolae_hexahallways, dk_noncrumbling_2, grunt_ministairs_2,
          uniq_pikel, uniq_crazy_yiuf_cottage
D:7:      layout_rooms, regret_index_temple_of_mockery, uniq_duvessa
D:8:      layout_basic, enter_bailey_2, minmay_shattered_shrine, uniq_grum,
          uniq_gastronok
Temple:   nicolae_temple_bog_church

Skill      XL: |  1  2  3  4  5  6  7  8  9 10 |
---------------+-------------------------------+-----
Fighting       | 1 2 3 4 |  4.5
Spellcasting   | 1 2 3 4 |  4.5
Dodging        | 2 3 4 |  4.5
Stealth        | 1 2 |  2.3
Unarmed Combat | 4 5 6 8 9 10 | 10.7
Armour         | 1 2 3 |  3.9
Shapeshifting  | 4 5 |  5.3
Invocations    | 2 3 |  3.8
Evocations     | 1 2 |  2.5
Short Blades   | |  0.3

Action                     |  1- 3 |  4- 6 |  7- 9 | 10-12 || total
---------------------------+-------+-------+-------+-------++-------
  Melee: Unarmed           |    86 |    93 |   290 |   108 ||   577
         Short sword       |    24 |       |       |       ||    24
         Bite              |    24 |    25 |    91 |    37 ||   177
         Punch             |     3 |     2 |    15 |     7 ||    27
  Evoke: Wand              |       |       |    11 |       ||    11
    Use: Potion            |       |       |     8 |       ||     8
         Scroll            |       |       |     8 |     1 ||     9
   Stab: Sleeping          |     1 |       |       |       ||     1
         Paralysed         |       |       |     2 |       ||     2
 Armour: Animal skin       |    42 |       |       |       ||    42
         Ring mail         |     6 |    61 |    22 |       ||    89
         Skin              |       |       |    13 |       ||    13
         Scale mail        |       |       |    20 |       ||    20
         Plate armour      |       |       |   134 |   135 ||   269
         Chain mail        |       |       |    12 |       ||    12
  Dodge: Dodged            |    74 |    40 |   121 |    53 ||   288

Table legend: (Time is in decaauts)
 A = Elapsed time spent in this place.
 B = Non-inter-level travel time spent in this place.
 C = Inter-level travel time spent in this place.
 D = Time resting spent in this place.
 E = Time spent auto-exploring this place.
 F = Levels seen in this place.
 G = Mean time per level.
                   A        B        C        D        E       F      G
               +--------+--------+--------+--------+--------+-----+--------+
         Total |   7733 |   7328 |    405 |    288 |   5343 |  10 |  773.3 |
       Dungeon |   7003 |   6623 |    380 |    192 |   5109 |   8 |  875.4 |
        Temple |     30 |      6 |     24 |      0 |      0 |   1 |   30.0 |
        Bailey |    700 |    700 |      0 |     96 |    233 |   1 |  700.0 |
               +--------+--------+--------+--------+--------+-----+--------+

Top non-repeatable levels by time:
     D:5: 1110 daAuts
     D:8: 1067 daAuts
     D:6: 991 daAuts
     D:3: 968 daAuts
     D:7: 849 daAuts
     D:4: 723 daAuts
     D:2: 710 daAuts
  Bailey: 700 daAuts
     D:1: 581 daAuts
  Temple: 30 daAuts
